Frizzbo, neutral female gnomish Wizard a G % # # # # # a #### # #-.----+---- ------- # #|...*...... .......| # #|......<..| | # -------.- #|.......... ###|........####|.........| #..(.....| ----------- |.......| --------- Frizzbo the Thaumaturge Experience level: 7 Strength: 10 Dexterity: 10 Constitution: 13 Intelligence: 15 Wisdom: 18 Charisma: 10 Health: 0(45) Energy: 20(62) Def: 2 Gold: 1978 Moves: 3124 Dungeon seed: z3i62_L1lC-CEMX- Game ID: Frizzbo_1465952766 Your Inventory: Coins $ - 1978 gold pieces Weapons a - a blessed +1 quarterstaff (alternate weapon; not wielded) A - 3 uncursed +0 darts C - 3 blessed +0 darts K - an uncursed +2 aklys (weapon in hand) Armor e - an uncursed +0 cloak of magic resistance (being worn) R - an uncursed +0 orcish helm (being worn) Comestibles o - 5 uncursed food rations s - an uncursed tripe ration t - an uncursed lichen corpse x - an uncursed sprig of wolfsbane Scrolls g - an uncursed scroll of identify i - a cursed scroll of identify k - 2 uncursed scrolls of teleportation v - an uncursed scroll of magic mapping w - an uncursed scroll of create monster F - an uncursed scroll of scare monster J - a cursed scroll of gold detection M - an uncursed scroll of enchant weapon Spellbooks b - a blessed spellbook of force bolt c - an uncursed spellbook of healing H - an uncursed spellbook of clairvoyance O - an uncursed spellbook of magic missile Potions h - 2 uncursed potions of water l - an uncursed potion of confusion z - an uncursed potion of enlightenment Rings j - an uncursed ring of shock resistance L - an uncursed +1 ring of adornment Wands d - an uncursed wand of nothing (0:5) p - an uncursed wand of striking (0:5) Tools f - an uncursed skeleton key m - an uncursed blindfold r - an uncursed tin whistle D - an uncursed tallow candle (0:200) P - an uncursed stethoscope Gems n - an uncursed worthless piece of red glass q - 2 uncursed worthless pieces of violet glass y - an uncursed jasper stone N - an uncursed worthless piece of green glass Spells and supernatural/magical abilities: Name Level Category Fail Memory a - force bolt 1 attack 3% 85% h - healing 1 healing 3% 85% W - pray for help -- divine ? -- Your skills at the end: Miscellaneous Skills wands [Basic] Weapon Skills quarterstaff [Basic] crossbow [Basic] Spellcasting Skills attack spells [Skilled] enchantment spells [Basic] Final Attributes: You were devoutly aligned. You were magic-protected. You had infravision. You are dead. Vanquished creatures: 2 leprechauns a housecat 5 bugbears an imp 4 Mordor orcs a gnome lord a gray ooze a kitten 3 iguanas 2 werejackals 4 killer bees 2 coyotes a hobbit an acid blob a large kobold 3 geckos 4 hobgoblins a cave spider 2 yellow molds 2 gnomes 8 manes 3 jackals 2 foxes 2 kobolds 3 newts a goblin 2 sewer rats 11 grid bugs 3 bats 5 lichens a kobold zombie 83 creatures vanquished. Voluntary challenges: You were an atheist. You used a wielded weapon 86 times, starting on turn 4. You did not apply a unicorn horn. You read items or engraved 5 times, starting on turn 868. You never genocided any monsters. You never polymorphed an object. You never changed form. You used no wishes. You never split a pudding. You never wrote Elbereth's name. You never violated your personal moral code. Dungeon overview: The Dungeons of Doom: levels 1 to 7 Level 1 a fountain a long staircase Level 2 some fountains a long staircase Level 3 Level 4 Level 5 Level 6 many fountains Level 7 <- You were here History has recorded: On T:1 you entered the Dungeons of Doom to retrieve the Amulet of Yendor! On T:466 you reached level 2 of The Dungeons of Doom. On T:490 you advanced to experience level 2. On T:724 you reached level 3 of The Dungeons of Doom. On T:850 you advanced to experience level 3. On T:1187 you reached level 4 of The Dungeons of Doom. On T:1501 you advanced to experience level 4. On T:1659 you reached level 5 of The Dungeons of Doom. On T:1745 you advanced to experience level 5. On T:2312 you advanced to experience level 6. On T:2438 you reached level 6 of The Dungeons of Doom. On T:2659 you advanced to experience level 7. On T:3053 you reached level 7 of The Dungeons of Doom. Score breakdown: Gold: 1978 ( 197 points) Experience: 7 levels ( 600 points) Exploration: 7 levels ( 180 points) Discoveries: 2 items ( 100 points) Variety of kills: 31 monsters ( 1550 points) Major goal: (nothing yet) ( 0 points) Survival: died (score multiplied by 3) Total score: 7881 Latest messages: The killer bee stings! The killer bee misses. You miss the killer bee. The killer bee stings! You hit the killer bee. The killer bee stings! (2x) The spell misses the killer bee. The killer bee stings! The spell misses the killer bee. The spell misses it. The killer bee just misses! The killer bee stings! You miss the killer bee. The killer bee stings! You miss the killer bee. The killer bee stings! (2x) You miss the killer bee. The killer bee stings! You miss the killer bee. The killer bee stings! You die... Final status: Goodbye Frizzbo the Wizard, killed by a killer bee... You died in The Dungeons of Doom on dungeon level 7 with 7881 points, and 1978 pieces of gold, after 3124 moves. You were level 7 with a maximum of 45 hit points when you died.